 Dungeon Crawl Stone Soup version 0.31.0-7-gf635a9b802 (webtiles) character file.

Game seed: 17850063222607156627

373 Arctor the Shooter (level 7, -2/40 HPs)
             Began as a Kobold Hexslinger on Jan 24, 2024.
             Slain by Jessica
             ... wielding a +3 spectral club
              (7 damage)
             ... on level 3 of the Dungeon.
             The game lasted 00:06:17 (3142 turns).

Arctor the Shooter (Kobold Hexslinger)              Turns: 3142, Time: 00:06:18

Health: -2/40      AC:  4    Str:  5    XL:     7   Next: 3%
Magic:  5/10       EV: 21    Int: 17    God:
Gold:   86         SH:  0    Dex: 20    Spells: 6/11 levels left

rFire   . . .        a - +2 sling
rCold   . . .        (no shield)
rNeg    . . .        c - +0 robe
rPois   .            j - +0 helmet {Int+3}
rElec   .            l - +0 cloak
rCorr   .            (no gloves)
SInv    .            (no boots)
Will    .....        (no amulet)
Stlth   +++          h - +5 ring of evasion
HPRegen 0.26/turn    (no ring)
MPRegen 0.12/turn

%: no passive effects
@: about to teleport, weak-willed, jinxed
A: small, no large weapons, nightstalker 3
a: no special abilities


You were on level 3 of the Dungeon.
You visited 1 branch of the dungeon, and saw 3 of its levels.

You collected 86 gold pieces.

Inventory:

Hand Weapons
 a - a +2 sling (weapon)
Armour
 c - a +0 robe (worn)
 d - a +2 kite shield
 j - a +0 helmet of intelligence (worn)
 l - a +0 cloak (worn)
Jewellery
 h - a +5 ring of evasion (left hand)
Wands
 k - a wand of iceblast (10)
Scrolls
 b - a scroll of poison
 e - a scroll of enchant armour
 g - a scroll of enchant weapon
 i - a scroll of identify


   Skills:
 + Level 2.8 Fighting
 + Level 4.4 Ranged Weapons
 + Level 3.9 Dodging
 + Level 1.3 Shields
 + Level 2.6 Spellcasting
 + Level 3.9 Hexes
 + Level 2.5 Fire Magic


You had 6 spell levels left.
You knew the following spells:

 Your Spells              Type           Power      Damage    Failure   Level
a - Jinxbite              Hex            30%        N/A       5%          2
b - Sigil of Binding      Hex            15%        N/A       11%         3

Your spell library contained the following spells:

 Spells                   Type           Power      Damage    Failure   Level
 Inner Flame              Hex/Fire       13%        N/A       14%         3
 Call Imp                 Summ           4%         N/A       28%         2
 Cigotuvi's Dreadful Rot  Necr/Alch/Air  4%         N/A       28%         2
 Sublimation of Blood     Necr           2%         N/A       28%         2
 Cause Fear               Hex            7%         N/A       34%         4
 Hailstorm                Conj/Ice       2%         3d5       50%         3
 Summon Ice Beast         Ice/Summ       2%         N/A       50%         3
 Dimensional Bullseye     Hex/Tloc       4%         N/A       63%         4
 Dispel Undead            Necr           2%         3d7       88%         4
 Martyr's Knell           Necr/Summ      2%         N/A       88%         4
 Death Channel            Necr           1%         N/A       100%        6
 Sculpt Simulacrum        Ice/Alch       1%         N/A       100%        6
 Summon Hydra             Summ           1%         N/A       100%        7


Dungeon Overview and Level Annotations

Branches:
Dungeon (3/15)

Altars:

Shops:
D:1 (

Annotations:
D:3 Jessica, Robin


Innate Abilities, Weirdness & Mutations

You are small and have problems with some larger weapons.
You are completely attuned to the shadows.


Message History

Jessica casts a spell.
Jessica blinks!
The adder seems less drained.
The adder closely misses you.
You shoot a sling bullet. The sling bullet hits the adder.
The adder is moderately wounded.
The adder misses you.
Casting: Jinxbite (safe; 5% risk of failure)
Confirm with . or Enter, or press ? or * to list all spells.
You beckon more vexing sprites to accompany your attacks.
You feel your willpower being sapped. The adder closely misses you.
You shoot a sling bullet.
The sling bullet closely misses the adder.
A giggling sprite leaps out and ties the adder's tail in a knot.
The adder is heavily wounded.
The adder bites you.
You are poisoned.
The adder poisons you! The adder barely misses you.
You shoot a sling bullet. The sling bullet hits the adder.
The adder is severely wounded.
A giggling sprite leaps out and ties the adder's tail in a knot.
You kill the adder!
You feel sick.
Jessica points at you and mumbles some strange words.
Pain shoots through your body!
* * * LOW HITPOINT WARNING * * *
You aren't carrying any potions.
You aren't carrying any potions.
As you read the scroll labelled SATUNG INNO, it crumbles to dust.
It is a scroll of enchant weapon.
Your +1 sling glows red for a moment.
You feel sick. Jessica closely misses you. The +3 spectral club misses you.
A +3 spectral club comes into view.
You aren't carrying any potions.
As you read the scroll of teleportation, it crumbles to dust.
You feel strangely unstable.
You feel sick.
You are no longer poisoned.
Jessica misses you. The +3 spectral club misses you.
The +3 spectral club disappears.
Jessica hits you with a +3 spectral club!
You die...

#<# .. .# #####.#
#. ##.....#
#.##.@#####
#...@## ###...###
#.......##
#.#####..# ##.#
##.# #..# #.#
##.## #)####
####..# #.##.. #.
#...(########.##.#
##..


You could see Jessica (fast).

Vanquished Creatures
  Sigmund (D:2)
  Crazy Yiuf (D:2)
  Terence (D:2)
  Natasha (D:3)
  4 gnolls (D:2)
  5 adders
  3 bats (D:1)
  4 endoplasms
  2 giant cockroaches
  14 goblins
  5 hobgoblins
  2 jackals (D:1)
  3 kobolds
  3 quokkas
  A ball python (D:1)
  4 frilled lizards
  A rat (D:2)
55 creatures vanquished.

Notes
Turn   | Place    | Note
-------+----------+-------------------------------------------
     0 | D:1      | Arctor the Kobold Hexslinger began the quest for the Orb.
     0 | D:1      | Reached XP level 1. HP: 12/12 MP: 2/2
   197 | D:1      | Found Miquej's Weapon Shoppe.
   246 | D:1      | Reached XP level 2. HP: 16/16 MP: 3/3
   376 | D:1      | Reached skill level 3 in Ranged Weapons
   839 | D:1      | You fall into a shaft and drop 1 floor!
   890 | D:2      | Reached XP level 3. HP: 16/20 MP: 5/5
   977 | D:2      | Reached XP level 4. HP: 26/26 MP: 6/6
  1509 | D:2      | Found a faded altar of an unknown god.
  1512 | D:2      | Noticed Terence
  1523 | D:2      | Killed Terence
  1628 | D:2      | Reached XP level 5. HP: 28/30 MP: 6/8
  2316 | D:2      | Noticed Sigmund
  2434 | D:2      | Found a runed translucent door.
  2437 | D:2      | Noticed Crazy Yiuf
  2496 | D:2      | Learned a level 2 spell: Jinxbite
  2500 | D:2      | Learned a level 3 spell: Sigil of Binding
  2571 | D:3      | Noticed Robin
  2793 | D:2      | Killed Sigmund
  2794 | D:2      | Reached skill level 4 in Ranged Weapons
  2794 | D:2      | Reached skill level 1 in Shields
  2794 | D:2      | Reached XP level 6. HP: 15/36 MP: 5/9
  2936 | D:2      | Killed Crazy Yiuf
  3123 | D:3      | Noticed Jessica
  3123 | D:3      | Noticed Natasha
  3130 | D:3      | Killed Natasha
  3131 | D:3      | Reached XP level 7. HP: 19/40 MP: 5/10
  3142 | D:3      | Slain by Jessica

Illustrated notes

Levels and vault maps discovered:
D:1:      amcnicky_arrival_abandoned_market, layout_loops_corners, serial_shops,
          nicolae_shop_window_shopping, minmay_stone_trees_large
D:2:      layout_loops_ring, shapermc_ecumenical_altar_venn, uniq_terence,
          uniq_crazy_yiuf_cottage, uniq_sigmund
D:3:      layout_rooms, uniq_jessica, uniq_natasha, uniq_robin

Skill      XL: |  1  2  3  4  5 |
---------------+----------------+-----
Ranged Weapons | 3 4 |  4.4
Dodging        | 3 |  3.9
Fighting       | 2 |  2.8
Spellcasting   | 2 |  2.6
Fire Magic     | 2 |  2.5
Shields        | 1 |  1.3
Hexes          | |  3.9

Action                     |  1- 3 |  4- 6 |  7- 9 || total
---------------------------+-------+-------+-------++-------
  Melee: Sling             |       |     2 |       ||     2
   Fire: Sling             |    57 |   122 |     5 ||   184
   Cast: Jinxbite          |       |     6 |     1 ||     7
    Use: Scroll            |       |     4 |     2 ||     6
         Potion            |       |     3 |       ||     3
 Armour: Robe              |    19 |    41 |     2 ||    62
  Dodge: Dodged            |    23 |   106 |    12 ||   141
  Block: Kite shield       |       |    40 |       ||    40
